 Dungeon Crawl Stone Soup version 0.23-a0-577-g2b1de94 (webtiles) character file.

235 Amnesiac the Ducker (level 5, 0/28 HPs)
             Began as a Spriggan Berserker on Dec 15, 2018.
             Was a Priest of Trog.
             Slain by a gnoll
             ... wielding a +2 spear of venom
              (8 damage)
             ... on level 4 of the Dungeon.
             The game lasted 00:03:59 (3599 turns).

Amnesiac the Ducker (Spriggan Berserker)            Turns: 3599, Time: 00:04:00

Health: 0/28       AC:  3    Str: 14    XL:     5   Next: 76%
Magic:  6/6        EV: 22    Int:  8    God:    Trog [***...]
Gold:   184        SH:  0    Dex: 16    Spells: 4/4 levels left

rFire    . . .     SeeInvis +   a - +0 falchion
rCold    . . .     Gourm    .   (shield restricted)
rNeg     . . .     Faith    .   b - +0 animal skin
rPois    .         Spirit   .   (helmet restricted)
rElec    .         Reflect  .   n - +0 cloak
rCorr    .         Harm     .   (gloves unavailable)
MR       .....                  (boots unavailable)
Stlth    +.........             (no amulet)
HPRegen  0.09/turn              (no ring)
MPRegen  0.10/turn              (no ring)

@: very quick
A: very small, unfitting armour, see invisible, herbivore, speed 3, slow
metabolism 2
a: Berserk, Trog's Hand, Renounce Religion


You were on level 4 of the Dungeon.
You worshipped Trog.
Trog was most pleased with you.
You were not hungry.

You visited 1 branch of the dungeon, and saw 4 of its levels.

You collected 184 gold pieces.

Inventory:

Hand Weapons
 a - a +0 falchion (weapon)
Missiles
 d - 3 needles of confusion
Armour
 b - a +0 animal skin (worn)
 n - a +0 cloak (worn)
Scrolls
 c - a scroll of teleportation {!r, unknown}
 e - 2 scrolls of remove curse {!r}
 g - a scroll of fog {!r, unknown}
 o - a scroll of enchant weapon {!r, unknown}
Potions
 f - a potion of lignification {!q}
 h - a potion of ambrosia {!q}
 j - a potion of flight {!q}
 k - a potion of curing {!q}
Comestibles
 m - 3 rations


   Skills:
 - Level 3.0 Fighting
 * Level 4.4 Long Blades
 + Level 6.2 Dodging


You had 4 spell levels left.
You didn't know any spells.
Your spell library was empty.

Dungeon Overview and Level Annotations

Branches:
Dungeon (4/15)
 Temple: D:4-7

Altars:
Ru


Innate Abilities, Weirdness & Mutations

You are very small and have problems with some larger weapons.
You are too small for most types of armour.
You have supernaturally acute eyesight. (SInv)
You are a herbivore.
You cover ground extremely quickly.
You need to consume almost no food.


Message History

The gnoll is severely wounded.
You hit the gnoll.
You kill the gnoll!
Trog accepts your kill. The gnoll barely misses you. x2
Things that are here:
a +0 halberd; a gnoll corpse You hit the gnoll.
The gnoll is moderately wounded.
The gnoll misses you.
You hit the gnoll.
The gnoll is heavily wounded.
The gnoll misses you.
You hit the gnoll.
The gnoll is severely wounded.
You recover from your berserk rage.
The gnoll completely misses you.
You riposte.
You hit the gnoll but do no damage.
The gnoll is severely wounded.
You hit the gnoll.
You kill the gnoll!
Trog accepts your kill.
Things that are here:
a +0 spear; a gnoll corpse
Things that are here:
a +0 halberd; a gnoll corpse
Found a stone staircase leading down.
The gnoll shouts!
The gnoll is too close now for your liking.
A gnoll is nearby!
A gnoll is nearby!
You closely miss the gnoll. The gnoll barely misses you.
You barely miss the gnoll. The gnoll completely misses you.
The gnoll hits you with a +2 spear of venom.
You are poisoned.
You hit the gnoll.
The gnoll is moderately wounded.
You feel sick.
The gnoll hits you with a +2 spear of venom.
* * * LOW HITPOINT WARNING * * *
You are more poisoned.
You hit the gnoll but do no damage.
The gnoll is moderately wounded.
* * * LOW HITPOINT WARNING * * *
You feel sick.
The gnoll hits you with a +2 spear of venom!
* * * LOW HITPOINT WARNING * * *
You are more poisoned.
You hit the gnoll.
The gnoll is moderately wounded.
* * * LOW HITPOINT WARNING * * *
You feel very sick. The gnoll closely misses you.
You riposte.
You closely miss the gnoll.
The gnoll is moderately wounded.
Really quaff
k - 2 potions of curing {!q}?
You feel better. The gnoll closely misses you.
You riposte.
You hit the gnoll.
The gnoll is severely wounded.
You hit the gnoll.
The gnoll is severely wounded.
The gnoll misses you.
You hit the gnoll but do no damage.
The gnoll is severely wounded.
The gnoll hits you with a +2 spear of venom!
You die...

........# #.......#[##.....
........# #.......#........
........######.......#........
...........))..##....#........
......#.######<##....#..#####.
..........#######....#...
...............##....#...
......g#######.##....#..
......g........g@....>...
####.#.##.#....#####.....
#.#.# ..... ...#. #.#.# .##..
...# #.# .. . ### ..# .# #.#


You could see a gnoll.

Vanquished Creatures
  A howler monkey (D:4)
  A gnoll shaman (D:3)
  3 gnolls
  4 adders
  An ooze (D:1)
  2 dart slugs
  3 worms (D:2)
  2 leopard geckos
  2 orcs
  2 giant cockroaches
  6 goblins
  15 hobgoblins
  7 jackals
  7 quokkas
  A ball python (D:1)
  5 bats
  11 frilled lizards
  8 kobolds
  8 rats
89 creatures vanquished.

Notes
Turn   | Place    | Note
-------+----------+-------------------------------------------
     0 | D:1      | Amnesiac the Spriggan Berserker began the quest for the
                  | Orb.
     0 | D:1      | Reached XP level 1. HP: 11/11 MP: 2/2
   234 | D:1      | Reached XP level 2. HP: 8/16 MP: 3/3
   573 | D:1      | Reached XP level 3. HP: 14/19 MP: 4/4
   736 | D:1      | Reached ** piety under Trog
   985 | D:2      | Reached skill level 5 in Dodging
  1248 | D:2      | Reached XP level 4. HP: 17/23 MP: 5/5
  2160 | D:3      | Found a sacrificial altar of Ru.
  2760 | D:3      | Reached *** piety under Trog
  2929 | D:3      | Reached XP level 5. HP: 28/28 MP: 6/6
  3541 | D:3      | Reached skill level 6 in Dodging
  3599 | D:4      | Slain by a gnoll

Vault maps used:
D:1:      dpeg_arrival_more_subterranean_lakeside_camping
D:2:      first_ration
D:3:      nicolae_ru_awakened_eye

Skill      XL: |  1  2  3  4  5 |
---------------+----------------+-----
Long Blades    | 3 4 |  4.4
Dodging        | 5 6 |  6.2
Fighting       | 3 |  3.0

Action                   |  1- 3 |  4- 6 || total
-------------------------+-------+-------++-------
Melee: Falchion          |   101 |   182 ||   283
Invok: Berserk           |     1 |     1 ||     2
  Use: Potion            |     2 |     1 ||     3
       Scroll            |       |     7 ||     7
 Stab: Sleeping          |     3 |     2 ||     5
  Eat: Ration            |     1 |     2 ||     3
Armor: Animal skin       |     9 |     7 ||    16
Dodge: Dodged            |   100 |   147 ||   247
       Rpst.: Falchion   |    32 |    47 ||    79

Table legend:
 A = Non-vault XP
 B = Vault XP
 C = Vault XP percentage of total XP
 D = Non-vault monster count
 E = Vault monster count
 F = Vault count percentage of total count
                 A         B        C        D         E       F
            +---------+---------+-------+---------+---------+-------
      Total |     337 |       0 |   0.0 |      89 |       0 |   0.0
            +---------+---------+-------+---------+---------+-------
        D:1 |      60 |       0 |   0.0 |      34 |       0 |   0.0
        D:2 |      82 |       0 |   0.0 |      24 |       0 |   0.0
        D:3 |     111 |       0 |   0.0 |      25 |       0 |   0.0
        D:4 |      84 |       0 |   0.0 |       6 |       0 |   0.0
            +---------+---------+-------+---------+---------+-------
